 Dungeon Crawl Stone Soup version 0.30-a0-292-g0f741e3f8e (webtiles) character file.

Game seed: 9854323647369583251

8 Flugkiller the Cutter (level 2, 19/22 HPs)
             Began as a Demonspawn Gladiator on Oct 17, 2022.
             Quit the game on level 1 of the Dungeon.
             The game lasted 00:00:18 (315 turns).

Flugkiller the Cutter (Demonspawn Gladiator)         Turns: 315, Time: 00:00:18

Health: 19/22      AC:  5    Str: 14    XL:     2   Next: 0%
Magic:  2/2        EV: 12    Int:  9    God:
Gold:   61         SH:  0    Dex: 14    Spells: 1/1 levels left

rFire   . . .      SeeInvis .    a - +0 rapier
rCold   . . .      Faith    .    (no shield)
rNeg    . . .      Spirit   .    b - +0 leather armour
rPois   .          Reflect  .    c - +0 helmet
rElec   .          Harm     .    (no cloak)
rCorr   .          Rampage  .    (no gloves)
Will    .....                    g - +0 pair of boots
Stlth   +.........               (no amulet)
HPRegen 0.23/turn                (no ring)
MPRegen 0.08/turn                (no ring)

@: no status effects
A: demonic touch 1
a: no special abilities


You were on level 1 of the Dungeon.
You visited 1 branch of the dungeon, and saw 2 of its levels.

You collected 61 gold pieces.

Inventory:

Hand Weapons
 a - a +0 rapier (weapon)
Missiles
 d - 3 throwing nets (quivered)
 e - a javelin
Armour
 b - a +0 leather armour (worn)
 c - a +0 helmet (worn)
 g - a +0 pair of boots (worn)
   (You found it on level 1 of the Dungeon)
Scrolls
 f - a scroll of teleportation {unknown}
 i - 2 scrolls of identify {unknown}
 j - 3 scrolls of blinking {unknown}
Potions
 h - a potion of heal wounds {unknown}


   Skills:
 - Level 2.0 Fighting
 + Level 3.2 Short Blades
 - Level 1.7 Throwing
 - Level 2.6 Dodging


You had one spell level left.
You didn't know any spells.
Your spell library contained the following spells:

 Spells                   Type           Power      Damage    Failure   Level
 Apportation              Tloc           0%         N/A       45%         1
 Necrotise                Necr           0%         1d4       45%         1
 Summon Small Mammal      Summ           0%         N/A       45%         1


Dungeon Overview and Level Annotations

Branches:
Dungeon (2/15) Zot: 11684

Altars:


Innate Abilities, Weirdness & Mutations

Your touch may inflict minor irresistible damage on your foes.


Message History

No target in view!
No target in view!
You see here a +0 pair of boots.
g - a +0 pair of boots You start putting on your armour.
You continue putting on your +0 pair of boots. x3
HP restored.
You continue putting on your +0 pair of boots.
You finish putting on your +0 pair of boots.
You now have 22 gold pieces (gained 8).
A ball python comes into view.
The ball python hisses angrily.
A ball python is nearby!
A ball python is nearby!
Found a mace.
You hit the ball python.
The ball python is moderately wounded.
The ball python barely misses you. The ball python grabs you.
The ball python constricts you.
You hit the ball python.
You kill the ball python!
Your Short Blades skill increases to level 3!
No target in view!
No target in view!
No target in view!
No target in view!
No target in view!
No target in view!
No target in view!
You now have 24 gold pieces (gained 2).
You open the door.
There is an open door here.
Found a whip.
An endoplasm comes into view.
Found a fuming golden potion.
The endoplasm quivers.
An endoplasm is nearby!
The endoplasm closely misses you.
You hit the endoplasm.
The endoplasm is lightly wounded.
The endoplasm closely misses you.
You hit the endoplasm.
The endoplasm is almost dead.
The endoplasm barely misses you.
You hit the endoplasm.
You kill the endoplasm!
No target in view!
No target in view!
h - a fuming golden potion A ball python comes into view.
A ball python is nearby!
Found a leather armour.
The ball python hisses angrily.
The ball python bites you but does no damage.
The ball python grabs you. The ball python constricts you.
You hit the ball python.
You kill the ball python!
No target in view!
No target in view!
No target in view!
No target in view!
No target in view!
No target in view!
i - a scroll labelled FOACIRH MIOCZA A ball python comes into view.
The ball python hisses angrily.
A ball python is nearby!
You hit the ball python.
You kill the ball python!
No target in view!
No target in view!
No target in view!
No target in view!
No target in view!
Found a hand axe.
You now have 39 gold pieces (gained 15).
Found 4 stones.
Found 4 stones.
No target in view!
No target in view!
No target in view!
No target in view!
No target in view!
You now have 46 gold pieces (gained 7).
You see here a ball python corpse.
Found a spear.
You now have 61 gold pieces (gained 15).
i - 2 scrolls labelled FOACIRH MIOCZA (gained 1)
j - 3 scrolls labelled RILYXE RURGHY A ball python comes into view.
The ball python hisses angrily.
The ball python bites you but does no damage.
The ball python grabs you. The ball python constricts you.
The ball python bites you. The ball python constricts you.
You hit the ball python.
You kill the ball python!
You have reached level 2!
Your demonic ancestry asserts itself...
Your hands begin to faintly glow with unholy energy.
Are you sure you want to abandon this character and quit the game? (Confirm with "yes".)

.#.#.# ..# ...# ...#
...# + ### ...#..####
#.# ...... ..# #..
.##.## #.## ##.# ....#
#.##.##.#######.#
.#######.##.....@......#
............##.#########
.#######.#..##.#
.#..........##.#
.#.#####.#.###.#
.........#.# #.#
##.#######.# #.#
#.........###.#
#.............#


There were no monsters in sight!

Vanquished Creatures
  An endoplasm (D:1)
  A quokka (D:2)
  4 ball pythons (D:1)
  A goblin (D:2)
  A kobold (D:2)
  A rat (D:1)
9 creatures vanquished.

Notes
Turn   | Place    | Note
-------+----------+-------------------------------------------
     0 | D:1      | Flugkiller the Demonspawn Gladiator began the quest for the
                  | Orb.
     0 | D:1      | Reached XP level 1. HP: 16/16 MP: 1/1
    43 | D:1      | You fall into a shaft and drop 1 floor!
   122 | D:1      | Reached skill level 3 in Short Blades
   315 | D:1      | Gained mutation: Your touch may inflict minor irresistible
                  | damage on your foes. [demonic ancestry]
   315 | D:1      | Reached XP level 2. HP: 19/22 MP: 2/2
   315 | D:1      | Quit the game

Illustrated notes

Levels and vault maps discovered:
D:1:      minmay_arrival_four_loops, layout_basic,
          shapermc_ecumenical_altar_flowoftime
D:2:      kennysheep_six_static_rooms, layout_loops_ring, glass_columns_a,
          kennysheep_generic_room_12

Skill      XL: |  1 |
---------------+----+-----
Short Blades   | 3 |  3.2
Fighting       | |  2.0
Throwing       | |  1.7
Dodging        | |  2.6

Action                   || total
-------------------------++-------
Melee: Rapier            ||    21
Armor: Leather armour    ||     6
Dodge: Dodged            ||    13

Table legend: (Time is in decaauts)
 A = Elapsed time spent in this place.
 B = Non-inter-level travel time spent in this place.
 C = Inter-level travel time spent in this place.
 D = Time resting spent in this place.
 E = Time spent auto-exploring this place.
 F = Levels seen in this place.
 G = Mean time per level.
                   A        B        C        D        E       F      G
               +--------+--------+--------+--------+--------+-----+--------+
         Total |    315 |    315 |      0 |      0 |    244 |   2 |  157.5 |
       Dungeon |    315 |    315 |      0 |      0 |    244 |   2 |  157.5 |
               +--------+--------+--------+--------+--------+-----+--------+

Top non-repeatable levels by time:
     D:1: 263 daAuts
     D:2: 52 daAuts
